TOP OF THE 1ST |
University of Arizona Wildcats batting - Pitching for Vanderbilt University Commodores : RHP Jayson Wright
|
Pitching: RHP Jayson Wright
|
|
Batting: RHB Eddy Amaya
|
0-0: Called Strike 0-1: Ball 1-1: Ground out 6-3 (Groundball, 6, EV 92.5 MPH)
|
Batting: LHB Jere Paatelainen
|
0-0: Ball 1-0: Called Strike 1-1: Swinging Strike 1-2: Foul Ball, location: 2F 1-2: Foul Ball, location: 2F 1-2: Strikes out swinging
|
Batting: LHB Gerald Thornton
|
0-0: Foul Ball, location: 2F 0-1: Ground out U3 (Groundball, 3L, EV 83.8 MPH)
|
Top of the 1st over - 0 runs, 0 hits, 0 errors, 0 left on base; University of Arizona 0 - Vanderbilt University 0 |
BOTTOM OF THE 1ST |
Vanderbilt University Commodores batting - Pitching for University of Arizona Wildcats : RHP Jim Rill
|
Pitching: RHP Jim Rill
|
|
Batting: RHB Brian Pflughoeft
|
0-0: Ball 1-0: Called Strike 1-1: Ball 2-1: Ground out 5-3 (Groundball, 5, EV 107.5 MPH)
|
Batting: RHB Takashi Takeuchi
|
0-0: Called Strike 0-1: Called Strike 0-2: Ball 1-2: Ball 2-2: Foul Ball, location: 2F 2-2: Ground out 5-3 (Groundball, 5S, EV 86.2 MPH)
|
Batting: RHB Edgar Fernandez
|
0-0: Ball 1-0: Called Strike 1-1: Ball 2-1: Ball 3-1: Base on Balls
|
Batting: LHB Tokito Ishizaki
|
0-0: Ball 1-0: Fly out, F8 (Flyball, 8LXD, EV 104.4 MPH)
|
Bottom of the 1st over - 0 runs, 0 hits, 0 errors, 1 left on base; University of Arizona 0 - Vanderbilt University 0 |
TOP OF THE 2ND |
University of Arizona Wildcats batting - Pitching for Vanderbilt University Commodores : RHP Jayson Wright
|
Batting: RHB Ricardo Fernandez
|
0-0: Called Strike 0-1: Hit by Pitch
|
Pinch Runner at 1st George Grace:
|
|
Batting: RHB Ron Dondale
|
0-0: Swinging Strike 0-1: Swinging Strike 0-2: Strikes out looking
|
Batting: SHB Pat Kidd
|
0-0: Called Strike 0-1: Ball 1-1: Ball 2-1: Swinging Strike 2-2: Ball 3-2: SINGLE (Line Drive, 8RS, EV 105.6 MPH) George Grace to second
|
Batting: RHB Mark Walters
|
0-0: Ball 1-0: Swinging Strike 1-1: Ball 2-1: SINGLE (Groundball, 4M, EV 110.6 MPH) (infield hit) George Grace to third Pat Kidd to second
|
Batting: LHB Pascal Noël
|
0-0: Ball 1-0: Fielders Choice at 2nd, 6-4 (Groundball, 6, EV 85.0 MPH) George Grace scores Pat Kidd to third
|
Batting: RHB Carlos Maravilla
|
0-0: Called Strike 0-1: Foul Ball, location: 2F 0-2: Fielders Choice at 2nd, 6-4 (Groundball, 6, EV 89.4 MPH)
|
Top of the 2nd over - 1 run, 2 hits, 0 errors, 2 left on base; University of Arizona 1 - Vanderbilt University 0 |
BOTTOM OF THE 2ND |
Vanderbilt University Commodores batting - Pitching for University of Arizona Wildcats : RHP Jim Rill
|
Now at C: Larry Harlow
|
|
Batting: RHB Min Tann
|
0-0: Called Strike 0-1: Foul Ball, location: 2F 0-2: Fly out, F7 (Line Drive, 7, EV 92.5 MPH)
|
Batting: SHB D.J. Davis
|
0-0: Ball 1-0: Called Strike 1-1: Swinging Strike 1-2: Foul Ball, location: 2F 1-2: Ball 2-2: Ball 3-2: Base on Balls
|
Batting: RHB Pakiana Kileona
|
0-0: Ball D.J. Davis steals 2nd base 1-0: Called Strike 1-1: Ball 2-1: Ball 3-1: Swinging Strike 3-2: Strikes out looking
|
Batting: LHB Josh Jett
|
0-0: Called Strike 0-1: Ball 1-1: Foul Ball, location: 2F 1-2: Ball 2-2: Ball 3-2: Strikes out looking
|
Bottom of the 2nd over - 0 runs, 0 hits, 0 errors, 1 left on base; University of Arizona 1 - Vanderbilt University 0 |
TOP OF THE 3RD |
University of Arizona Wildcats batting - Pitching for Vanderbilt University Commodores : RHP Jayson Wright
|
Batting: RHB Eddy Amaya
|
0-0: Ball 1-0: Ground out 4-3 (Groundball, 4, EV 81.9 MPH)
|
Batting: LHB Jere Paatelainen
|
0-0: Called Strike 0-1: Fly out, F7 (Flyball, 7D, EV 97.5 MPH)
|
Batting: LHB Gerald Thornton
|
0-0: Called Strike 0-1: Fly out, F7 (Flyball, 7LM, EV 101.9 MPH)
|
Top of the 3rd over - 0 runs, 0 hits, 0 errors, 0 left on base; University of Arizona 1 - Vanderbilt University 0 |
BOTTOM OF THE 3RD |
Vanderbilt University Commodores batting - Pitching for University of Arizona Wildcats : RHP Jim Rill
|
Batting: SHB Robbie Glover
|
0-0: Called Strike 0-1: Ball 1-1: SOLO HOME RUN (Flyball, 9D, EV 98.8 MPH), Distance : 381 ft
|
Batting: RHB Brian Pflughoeft
|
0-0: Ball 1-0: Ball 2-0: DOUBLE (Flyball, 78XD, EV 113.8 MPH)
|
Batting: RHB Takashi Takeuchi
|
0-0: Ball 1-0: Ball 2-0: Reached via error on a dropped throw from 3B, E3 (Groundball, 56, EV 89.4 MPH) Brian Pflughoeft to third
|
Batting: RHB Edgar Fernandez
|
0-0: Ball 1-0: Ball 2-0: 3-RUN HOME RUN (Flyball, 78XD, EV 111.9 MPH), Distance : 451 ft
|
Batting: LHB Tokito Ishizaki
|
0-0: Ball 1-0: Ball 2-0: Ball 3-0: Base on Balls
|
Batting: RHB Min Tann
|
0-0: Called Strike 0-1: Ball 1-1: Foul Ball, location: 2F 1-2: Foul Ball, location: 2F 1-2: Grounds into double play, 5-4-3 (Groundball, 56, EV 106.9 MPH)
|
Batting: SHB D.J. Davis
|
0-0: Ball 1-0: Called Strike 1-1: Called Strike 1-2: Ball 2-2: Ball 3-2: Foul Ball, location: 2F 3-2: Base on Balls
|
Batting: RHB Pakiana Kileona
|
0-0: Ball 1-0: Ball 2-0: Ball 3-0: Base on Balls D.J. Davis to second
|
Batting: LHB Josh Jett
|
0-0: Ball 1-0: Called Strike 1-1: Called Strike 1-2: Ball 2-2: Strikes out looking
|
Bottom of the 3rd over - 4 runs, 3 hits, 1 error, 2 left on base; University of Arizona 1 - Vanderbilt University 4 |
TOP OF THE 4TH |
University of Arizona Wildcats batting - Pitching for Vanderbilt University Commodores : RHP Jayson Wright
|
Batting: RHB Larry Harlow
|
0-0: Called Strike 0-1: Ball 1-1: SOLO HOME RUN (Flyball, 78XD, EV 103.8 MPH), Distance : 426 ft
|
Batting: RHB Ron Dondale
|
0-0: Ball 1-0: Fly out, F9 (Line Drive, 89M, EV 96.9 MPH)
|
Batting: SHB Pat Kidd
|
0-0: Ground out 6-3 (Groundball, 6, EV 108.8 MPH)
|
Batting: RHB Mark Walters
|
0-0: Ball 1-0: Ground out 6-3 (Groundball, 6, EV 110.6 MPH)
|
Top of the 4th over - 1 run, 1 hit, 0 errors, 0 left on base; University of Arizona 2 - Vanderbilt University 4 |
BOTTOM OF THE 4TH |
Vanderbilt University Commodores batting - Pitching for University of Arizona Wildcats : RHP Jim Rill
|
Batting: SHB Robbie Glover
|
0-0: Called Strike 0-1: Ball 1-1: SINGLE (Flyball, 6MD, EV 95.6 MPH)
|
Batting: RHB Brian Pflughoeft
|
0-0: DOUBLE (Line Drive, 7LD, EV 107.5 MPH) Robbie Glover to third
|
Batting: RHB Takashi Takeuchi
|
0-0: Ball 1-0: Called Strike 1-1: Foul Ball, location: 2F 1-2: Ball 2-2: Strikes out swinging
|
Pitching: RHP Chris Obloy
|
|
Batting: RHB Edgar Fernandez
|
0-0: Ground out 6-3 (Groundball, 6, EV 106.2 MPH) Robbie Glover scores
|
Batting: LHB Tokito Ishizaki
|
0-0: Called Strike 0-1: Ball 1-1: Ball 2-1: Fly out, F4 (Line Drive, 4, EV 75.6 MPH)
|
Bottom of the 4th over - 1 run, 2 hits, 0 errors, 1 left on base; University of Arizona 2 - Vanderbilt University 5 |
TOP OF THE 5TH |
University of Arizona Wildcats batting - Pitching for Vanderbilt University Commodores : RHP Jayson Wright
|
Batting: LHB Pascal Noël
|
0-0: Called Strike 0-1: Ball 1-1: Ball 2-1: Ball 3-1: Called Strike 3-2: Fly out, F7 (Flyball, 7LM, EV 95.0 MPH)
|
Batting: RHB Carlos Maravilla
|
0-0: Ball 1-0: Foul Ball, location: 2F 1-1: Swinging Strike 1-2: Ball 2-2: Foul Ball, location: 2F 2-2: Strikes out swinging
|
Batting: RHB Eddy Amaya
|
0-0: Foul Ball, location: 2F 0-1: Foul Ball, location: 2F 0-2: Ball 1-2: Strikes out swinging
|
Top of the 5th over - 0 runs, 0 hits, 0 errors, 0 left on base; University of Arizona 2 - Vanderbilt University 5 |
BOTTOM OF THE 5TH |
Vanderbilt University Commodores batting - Pitching for University of Arizona Wildcats : RHP Chris Obloy
|
Batting: RHB Min Tann
|
0-0: Called Strike 0-1: SINGLE (Groundball, 34D, EV 104.4 MPH)
|
Batting: SHB D.J. Davis
|
0-0: Ball 1-0: Ball 2-0: Sac Bunt to P - play at first, batter OUT! 1-3 Min Tann to second
|
Batting: RHB Pakiana Kileona
|
0-0: Swinging Strike 0-1: Called Strike 0-2: Strikes out swinging
|
Pitching: RHP Rogelio Chavez
|
|
Batting: LHB Josh Jett
|
0-0: Ball 1-0: Ball 2-0: Ball 3-0: Base on Balls
|
Batting: SHB Robbie Glover
|
0-0: Ball 1-0: Foul Ball, location: 2F 1-1: SINGLE (Groundball, 4MD, EV 101.9 MPH) Min Tann to third Josh Jett to second Runner from 3rd tries for Home, SAFE, throw by CF to home
|
Batting: RHB Brian Pflughoeft
|
0-0: Ball 1-0: Ball 2-0: Ball 3-0: Called Strike 3-1: Called Strike 3-2: Foul Ball, location: 2F 3-2: Strikes out swinging
|
Bottom of the 5th over - 1 run, 2 hits, 0 errors, 2 left on base; University of Arizona 2 - Vanderbilt University 6 |
TOP OF THE 6TH |
University of Arizona Wildcats batting - Pitching for Vanderbilt University Commodores : RHP Jayson Wright
|
Batting: LHB Jere Paatelainen
|
0-0: Swinging Strike 0-1: Ball 1-1: Foul Ball, location: 2F 1-2: Strikes out swinging
|
Batting: LHB Gerald Thornton
|
0-0: Ball 1-0: Ball 2-0: Ball 3-0: Fly out, F7 (Flyball, 7, EV 91.9 MPH)
|
Batting: RHB Larry Harlow
|
0-0: Called Strike 0-1: Ball 1-1: Ball 2-1: Foul Ball, location: 2F 2-2: DOUBLE (Line Drive, 78D, EV 102.5 MPH)
|
Batting: RHB Ron Dondale
|
0-0: Ball 1-0: Called Strike 1-1: Swinging Strike 1-2: Fly out, F8 (Flyball, 8RD, EV 101.9 MPH)
|
Top of the 6th over - 0 runs, 1 hit, 0 errors, 1 left on base; University of Arizona 2 - Vanderbilt University 6 |
BOTTOM OF THE 6TH |
Vanderbilt University Commodores batting - Pitching for University of Arizona Wildcats : RHP Rogelio Chavez
|
Batting: RHB Takashi Takeuchi
|
0-0: Swinging Strike 0-1: Swinging Strike 0-2: Ball 1-2: SINGLE (Line Drive, 8RS, EV 93.8 MPH)
|
Batting: RHB Edgar Fernandez
|
0-0: Ball 1-0: Fly out, F8 (Flyball, 89M, EV 85.6 MPH)
|
Batting: LHB Tokito Ishizaki
|
0-0: Ball 1-0: Foul Ball, location: 2F 1-1: Fielders Choice at 2nd, 4-6 (Groundball, 4D, EV 87.5 MPH)
|
Batting: RHB Min Tann
|
0-0: Called Strike 0-1: Foul Ball, location: 2F 0-2: Ball 1-2: SINGLE (Line Drive, 4MD, EV 98.8 MPH) Tokito Ishizaki to second Tokito Ishizaki to third
|
Pitching: RHP Steve Wiest
|
|
Batting: SHB D.J. Davis
|
0-0: Ball 1-0: Ground out 1-3 (Groundball, 13S, EV 61.9 MPH)
|
Bottom of the 6th over - 0 runs, 2 hits, 0 errors, 2 left on base; University of Arizona 2 - Vanderbilt University 6 |
TOP OF THE 7TH |
University of Arizona Wildcats batting - Pitching for Vanderbilt University Commodores : RHP Jayson Wright
|
Pinch Hitting: LHB Victor Silva
|
0-0: Called Strike 0-1: Called Strike 0-2: Foul Ball, location: 2F 0-2: Ball 1-2: Strikes out looking
|
Batting: RHB Mark Walters
|
0-0: Ball 1-0: Fly out, F8 (Flyball, 8LM, EV 90.0 MPH)
|
Batting: LHB Pascal Noël
|
0-0: Ball 1-0: Called Strike 1-1: Ball 2-1: Called Strike 2-2: Ball 3-2: Base on Balls
|
Pitching: RHP Bill Mata
|
|
Batting: RHB Carlos Maravilla
|
0-0: Called Strike 0-1: Called Strike 0-2: Ball 1-2: Fly out, F8 (Flyball, 8LD, EV 81.2 MPH)
|
Top of the 7th over - 0 runs, 0 hits, 0 errors, 1 left on base; University of Arizona 2 - Vanderbilt University 6 |
BOTTOM OF THE 7TH |
Vanderbilt University Commodores batting - Pitching for University of Arizona Wildcats : RHP Steve Wiest
|
Now in RF: Lihau Keawe
|
|
Batting: RHB Pakiana Kileona
|
0-0: Called Strike 0-1: Swinging Strike 0-2: Ball 1-2: Fly out, F9 (Flyball, 89S, EV 81.9 MPH)
|
Batting: LHB Josh Jett
|
0-0: Ball 1-0: Ball 2-0: Ball 3-0: Base on Balls
|
Batting: SHB Robbie Glover
|
0-0: Ball 1-0: Ball 2-0: Ball 3-0: Base on Balls Josh Jett to second
|
Batting: RHB Brian Pflughoeft
|
0-0: Ball 1-0: Grounds into double play, 6-4-3 (Groundball, 6, EV 82.5 MPH)
|
Bottom of the 7th over - 0 runs, 0 hits, 0 errors, 1 left on base; University of Arizona 2 - Vanderbilt University 6 |
TOP OF THE 8TH |
University of Arizona Wildcats batting - Pitching for Vanderbilt University Commodores : RHP Bill Mata
|
Batting: RHB Eddy Amaya
|
0-0: Called Strike 0-1: Foul Ball, location: 2F 0-2: Ball 1-2: Strikes out swinging
|
Batting: LHB Jere Paatelainen
|
0-0: Ball 1-0: Foul Ball, location: 2F 1-1: Foul Ball, location: 2F 1-2: Ball 2-2: Ball 3-2: Foul Ball, location: 2F 3-2: Strikes out swinging
|
Batting: LHB Gerald Thornton
|
0-0: Ball 1-0: Called Strike 1-1: SINGLE (Flyball, 8RS, EV 91.9 MPH)
|
Batting: RHB Larry Harlow
|
0-0: Ball Passed Ball! Gerald Thornton to second 1-0: Called Strike 1-1: Foul Ball, location: 2F 1-2: Ball 2-2: Ground out 5-3 (Groundball, 5, EV 93.8 MPH)
|
Top of the 8th over - 0 runs, 1 hit, 0 errors, 1 left on base; University of Arizona 2 - Vanderbilt University 6 |
BOTTOM OF THE 8TH |
Vanderbilt University Commodores batting - Pitching for University of Arizona Wildcats : RHP Steve Wiest
|
Batting: RHB Takashi Takeuchi
|
0-0: SINGLE (Groundball, 56S, EV 68.1 MPH) (infield hit)
|
Batting: RHB Edgar Fernandez
|
0-0: Fielders Choice at 2nd, 4-6 (Groundball, 4M, EV 85.0 MPH)
|
Batting: LHB Tokito Ishizaki
|
0-0: Ball 1-0: SINGLE (Groundball, 34, EV 101.9 MPH) Edgar Fernandez to second Runner from 2nd tries for 3rd, SAFE, no throw by RF
|
Batting: RHB Min Tann
|
0-0: Called Strike 0-1: Foul Ball, location: 2F 0-2: Ball 1-2: Ball 2-2: Strikes out swinging
|
Batting: SHB D.J. Davis
|
0-0: Ball 1-0: Called Strike 1-1: Ball 2-1: SINGLE (Groundball, 34D, EV 97.5 MPH) Edgar Fernandez scores Tokito Ishizaki to second Runner from 2nd tries for 3rd, OUT! 9-5
|
Bottom of the 8th over - 1 run, 3 hits, 0 errors, 1 left on base; University of Arizona 2 - Vanderbilt University 7 |
TOP OF THE 9TH |
University of Arizona Wildcats batting - Pitching for Vanderbilt University Commodores : RHP Bill Mata
|
Pitching: RHP Craig Wayne
|
|
Batting: RHB Ron Dondale
|
0-0: Foul Ball, location: 2F 0-1: Swinging Strike 0-2: Strikes out swinging
|
Batting: LHB Lihau Keawe
|
0-0: Called Strike 0-1: Ball 1-1: Ball 2-1: Ball 3-1: SINGLE (Line Drive, 34D, EV 105.0 MPH)
|
Batting: RHB Mark Walters
|
0-0: Ball 1-0: SINGLE (Groundball, 34, EV 102.5 MPH) Lihau Keawe to second
|
Batting: LHB Pascal Noël
|
0-0: Ball 1-0: Foul Ball, location: 2F 1-1: Ball 2-1: Called Strike 2-2: SINGLE (Line Drive, 78S, EV 106.2 MPH) Lihau Keawe to third Mark Walters to second
|
Batting: RHB Carlos Maravilla
|
0-0: Grounds into double play, 6-4-3 (Groundball, 6M, EV 79.4 MPH)
|
Top of the 9th over - 0 runs, 3 hits, 0 errors, 2 left on base; University of Arizona 2 - Vanderbilt University 7 |
|